 Dungeon Crawl Stone Soup version 0.30-a0-330-g8f2769a82d (webtiles) character file.

Game seed: 7731799530656559810

696 Kirkhe the Chopper (level 7, -4/52 HPs)
             Began as a Demonspawn Gladiator on Oct 28, 2022.
             Was an Initiate of Okawaru.
             Slain by Edmund
             ... wielding a +3 dire flail of holy wrath
              (14 damage)
             ... on level 5 of the Dungeon.
             The game lasted 00:06:45 (5151 turns).

Kirkhe the Chopper (Demonspawn Gladiator)           Turns: 5151, Time: 00:06:45

Health: -4/52      AC:  9    Str: 24    XL:     7   Next: 37%
Magic:  4/7        EV: 13    Int:  9    God:    Okawaru [......]
Gold:   113        SH:  5    Dex: 14    Spells: 6/6 levels left

rFire   + . .      SeeInvis +    a - +1 war axe (vorpal)
rCold   . . .      Faith    .    (no shield)
rNeg    . . .      Spirit   .    b - +0 leather armour
rPois   +          Reflect  +    c - +0 helmet
rElec   .          Harm     .    w - +0 cloak
rCorr   +          Rampage  .    f - +1 pair of gloves {infuse}
Will    .....                    (no boots)
Stlth   +.........               y - amulet of the Peasants {Reflect rF+ rCorr Str+7 SH+5}
HPRegen 0.28/turn                u - ring of poison resistance
MPRegen 0.10/turn                (no ring)

@: no status effects
A: hooves 1, molten scales 1, ignite blood 2, see invisible, wild magic 1, noise
suppression
a: Renounce Religion


You were on level 5 of the Dungeon.
You worshipped Okawaru.
Okawaru was noncommittal.
You visited 1 branch of the dungeon, and saw 5 of its levels.

You collected 282 gold pieces.
You spent 169 gold pieces at shops.

Inventory:

Hand Weapons
 a - a +1 vorpal war axe (weapon)
Missiles
 d - 2 throwing nets (quivered)
 e - 7 javelins
 j - 2 atropa-tipped darts
Armour
 b - a +0 leather armour (worn)
 c - a +0 helmet (worn)
 f - a +1 pair of gloves of infusion (worn)
 q - a +1 robe of positive energy
 w - a +0 cloak (worn)
Jewellery
 u - a ring of poison resistance (left hand)
 y - the amulet of the Peasants (around neck) {Reflect rF+ rCorr Str+7 SH+5}
   (You found it on level 4 of the Dungeon)

   [amulet of reflection]

   It reflects blocked missile attacks.
   Str:       It affects your strength (+7).
   rF:        It protects you from fire.
   rCorr:     It protects you from acid and corrosion.
   SH:        It affects your SH (+5).
Wands
 n - a wand of acid (5)
 o - a wand of roots (6)
 v - a wand of mindburst (15)
 z - a wand of flame (4)
Scrolls
 p - a scroll of brand weapon
 t - a scroll of identify
 x - a scroll of enchant armour {unknown}
 A - a scroll of teleportation
 B - a scroll of blinking {unknown}
Potions
 g - a potion of cancellation
 h - 3 potions of heal wounds
 i - 2 potions of mutation
 k - 2 potions of attraction
 l - a potion of brilliance {unknown}
 m - 6 potions of curing
 r - a potion of ambrosia {unknown}
 s - a potion of magic {unknown}


   Skills:
 + Level 3.0 Fighting
 + Level 6.5 Axes
 + Level 1.9 Throwing
 + Level 2.6 Armour
 + Level 3.6 Dodging


You had 6 spell levels left.
You didn't know any spells.
Your spell library contained the following spells:

 Spells                   Type           Power      Damage    Failure   Level
 Kiss of Death            Conj/Necr      0%         2d5       52%         1
 Magic Dart               Conj           0%         1d3       52%         1
 Cigotuvi's Dreadful Rot  Necr/Pois/Air  0%         N/A       65%         2
 Poisonous Vapours        Pois/Air       0%         N/A       65%         2
 Searing Ray              Conj           0%         2d4       65%         2
 Confusing Touch          Hex            0%         N/A       86%         3
 Dazzling Flash           Conj/Hex       0%         N/A       86%         3
 Mephitic Cloud           Conj/Pois/Air  0%         N/A       86%         3
 Dispel Undead            Necr           0%         3d6       99%         4
 Fulminant Prism          Conj/Hex       0%         3d5       99%         4
 Iskenderun's Mystic Bla  Conj/Tloc      0%         2d3       99%         4
 Starburst                Conj/Fire      0%         6d3       100%        6


Dungeon Overview and Level Annotations

Branches:
Dungeon (5/15)
 Temple: D:4-7

Altars:
Ashenzari
Hepliaklqana
Okawaru
Sif Muna
Uskayaw
Wu Jian

Shops:
D:3 !   D:4 *

Annotations:
D:5 Edmund


Innate Abilities, Weirdness & Mutations

You have large cloven feet.
You are partially covered in molten scales. (AC +2)
Your demonic aura often causes spilled blood to erupt in flames.
You have supernaturally acute eyesight. (SInv)
Your spells are a little harder to cast, but a little more powerful.
You passively dampen the noise of your surroundings.


Message History

There is an open door here.
You now have 113 gold pieces (gained 13).
Edmund the Younger comes into view.
He is wielding a +3 dire flail of holy wrath.
Edmund is nearby!
Edmund shouts!
You slash Edmund!
Edmund is heavily wounded.
You block Edmund's attack.
You barely miss Edmund.
Edmund is heavily wounded.
Edmund drinks a potion.
Edmund seems to grow stronger.
You hit Edmund.
Edmund is heavily wounded.
Edmund misses you.
You slash Edmund! Your kick misses Edmund.
Edmund is severely wounded.
Edmund hits you but does no damage.
You barely miss Edmund. You kick Edmund, but do no damage.
Edmund is severely wounded.
Edmund barely misses you.
Edmund hits you with a +3 dire flail of holy wrath.
You convulse!
Unknown command.
You closely miss Edmund.
Edmund is severely wounded.
You block Edmund's attack.
You completely miss Edmund. Your kick misses Edmund.
Edmund is severely wounded.
Edmund hits you with a +3 dire flail of holy wrath!
You convulse.
You slash Edmund! You kick Edmund.
Edmund is almost dead.
Edmund hits you but does no damage.
Unknown command.
You closely miss Edmund.
Edmund is almost dead.
Edmund hits you with a +3 dire flail of holy wrath!
* * * LOW HITPOINT WARNING * * *
You convulse!
You die...

.#####...###
#.######.##
.....###...#
#.##......#
####.###.#.#
#.##.######
#..##.#.#
#.##.#
##.##...#
#.##.#
#...#..#
#.##.#
###....#
###.##.#
###..#
#.°....#
...#
#.#@####
#..# #@#
.... #.#
.#### #.# .
#.# #.# #.#
#.#


You could see Edmund (strong).

Vanquished Creatures
  A phantom (D:4)
  2 scorpions (D:4)
  A jelly (D:4)
  3 iguanas (D:4)
  Crazy Yiuf (D:2)
  Jessica (D:2)
  3 orc wizards (D:3)
  Robin (D:2)
  13 adders
  2 worms (D:2)
  5 dart slugs
  3 orcs
  8 endoplasms
  3 giant cockroaches
  13 goblins
  14 hobgoblins
  13 jackals
  8 kobolds
  5 quokkas
  20 ball pythons
  4 bats
  4 frilled lizards
  7 rats
135 creatures vanquished.

Vanquished Creatures (others)
  4 fungi (D:2)
4 creatures vanquished.

Grand Total: 139 creatures vanquished

Notes
Turn   | Place    | Note
-------+----------+-------------------------------------------
     0 | D:1      | Kirkhe the Demonspawn Gladiator began the quest for the
                  | Orb.
     0 | D:1      | Reached XP level 1. HP: 16/16 MP: 1/1
   280 | D:1      | Reached skill level 3 in Axes
   280 | D:1      | Gained mutation: Your demonic aura sometimes causes spilled
                  | blood to erupt in flames. [demonic ancestry]
   280 | D:1      | Reached XP level 2. HP: 21/22 MP: 0/2
   922 | D:1      | Gained mutation: You have large cloven feet. [demonic
                  | ancestry]
   922 | D:1      | Reached XP level 3. HP: 27/27 MP: 1/3
  1452 | D:2      | Found a runed translucent door.
  1453 | D:2      | Noticed Crazy Yiuf
  1615 | D:2      | Noticed Jessica
  1620 | D:2      | Killed Jessica
  1621 | D:2      | Reached skill level 4 in Axes
  1621 | D:2      | Reached XP level 4. HP: 34/34 MP: 2/4
  1889 | D:2      | Noticed Robin
  1910 | D:2      | Gained mutation: Your spells are a little harder to cast,
                  | but a little more powerful. [potion of mutation]
  1910 | D:2      | Gained mutation: You have supernaturally acute eyesight.
                  | (SInv) [potion of mutation]
  1910 | D:2      | Gained mutation: You passively dampen the noise of your
                  | surroundings. [potion of mutation]
  1924 | D:2      | Killed Robin
  1926 | D:2      | Reached skill level 1 in Armour
  2371 | D:2      | Killed Crazy Yiuf
  2372 | D:2      | Gained mutation: You are partially covered in molten
                  | scales. (AC +2) [demonic ancestry]
  2372 | D:2      | Reached XP level 5. HP: 39/39 MP: 1/5
  2863 | D:3      | Found Eluekad's Distillery.
  2881 | D:3      | Bought a potion of heal wounds for 65 gold pieces
  2881 | D:3      | Bought a potion of curing for 39 gold pieces
  2906 | D:3      | Found an ornate altar of the Wu Jian Council.
  3016 | D:3      | Reached skill level 5 in Axes
  3016 | D:3      | Reached XP level 6. HP: 40/46 MP: 0/6
  3700 | D:3      | Bought a potion of curing for 39 gold pieces
  3762 | D:4      | Found Hani's General Store.
  3770 | D:4      | Bought a scroll of identify for 26 gold pieces
  4223 | D:4      | Identified the amulet of the Peasants {Reflect rF+ rCorr
                  | Str+7 SH+5}
  4405 | D:4      | Found a hazy altar of Hepliaklqana.
  4443 | D:4      | Reached skill level 6 in Axes
  4475 | D:4      | Found a broken altar of Ashenzari.
  4481 | D:4      | Found a shimmering blue altar of Sif Muna.
  4481 | D:4      | Found an iron altar of Okawaru.
  4486 | D:4      | Found a hide-covered altar of Uskayaw.
  4490 | D:4      | Became a worshipper of Warmaster Okawaru
  4730 | D:4      | Gained mutation: Your demonic aura often causes spilled
                  | blood to erupt in flames. [demonic ancestry]
  4730 | D:4      | Reached XP level 7. HP: 45/51 MP: 3/7
  5014 | D:5      | Entered Level 5 of the Dungeon
  5141 | D:5      | Noticed Edmund
  5151 | D:5      | Slain by Edmund

Illustrated notes

Levels and vault maps discovered:
D:1:      dpeg_arrival_renting, layout_basic
D:2:      layout_basic, grunt_ministairs_7, uniq_jessica, uniq_robin,
          uniq_crazy_yiuf_cottage
D:3:      minmay_recursive_quarters, layout_basic, old_standard_altar,
          serial_shops, nicolae_shop_statue_plus,
          amcnicky_mini_corridor_feature, reono_crystal_passage,
          minmay_snake_closets
D:4:      minmay_razor_zed, layout_cave_pods, minitemple,
          mainiacjoe_overflow_small_starburst, serial_shops, shop_fountains
D:5:      minmay_skewed_foursquare, layout_basic, serial_park_tiny_2,
          uniq_duvessa, uniq_sigmund, uniq_edmund

Skill      XL: |  1  2  3  4  5  6  7 |
---------------+----------------------+-----
Axes           | 3 4 5 6 |  6.5
Dodging        | 3 |  3.6
Armour         | 1 2 |  2.6
Fighting       | 3 |  3.0
Throwing       | |  1.9

Action                   |  1- 3 |  4- 6 |  7- 9 || total
-------------------------+-------+-------+-------++-------
Melee: War axe           |    96 |   182 |    21 ||   299
       Kick              |     8 |    39 |     3 ||    50
       Punch             |     2 |       |       ||     2
Throw: Throwing net      |       |     1 |       ||     1
  Use: Potion            |       |     4 |       ||     4
       Scroll            |       |    10 |       ||    10
 Stab: Sleeping          |     1 |     4 |       ||     5
       Held in net/web   |       |     1 |       ||     1
       Distracted        |       |       |     1 ||     1
Armor: Leather armour    |    32 |    80 |     4 ||   116
Dodge: Dodged            |    69 |   125 |     8 ||   202
Block: Other             |       |     4 |     4 ||     8

Table legend: (Time is in decaauts)
 A = Elapsed time spent in this place.
 B = Non-inter-level travel time spent in this place.
 C = Inter-level travel time spent in this place.
 D = Time resting spent in this place.
 E = Time spent auto-exploring this place.
 F = Levels seen in this place.
 G = Mean time per level.
                   A        B        C        D        E       F      G
               +--------+--------+--------+--------+--------+-----+--------+
         Total |   5233 |   5026 |    207 |     95 |   4102 |   5 | 1046.6 |
       Dungeon |   5233 |   5026 |    207 |     95 |   4102 |   5 | 1046.6 |
               +--------+--------+--------+--------+--------+-----+--------+

Top non-repeatable levels by time:
     D:1: 1329 daAuts
     D:4: 1314 daAuts
     D:3: 1268 daAuts
     D:2: 1183 daAuts
     D:5: 138 daAuts
